 Dungeon Crawl Stone Soup version 0.19.5 (webtiles) character file.

62 zausaa the Cudgeler (level 3, -5/34 HPs)
             Began as a Minotaur Berserker on Apr 25, 2017.
             Was a Follower of Trog.
             Slain by a gnoll
             ... wielding a +0 halberd
              (13 damage)
             ... on level 2 of the Dungeon.
             The game lasted 00:03:26 (988 turns).

zausaa the Cudgeler (Minotaur Berserker)             Turns: 988, Time: 00:03:27

Health: -5/34      AC:  5    Str: 22    XL:     3   Next: 85%
Magic:  2/2        EV: 11    Int:  4    God:    Trog [*.....]
Gold:   59         SH:  0    Dex:  9    Spells: 0 memorised, 2 levels left

rFire  . . .     SeeInvis .     a - +0 mace
rCold  . . .     Gourm    .     j - +0 ring mail (curse)
rNeg   . . .     Faith    .     (no shield)
rPois  .         Spirit   .     (helmet restricted)
rElec  .         Reflect  .     (no cloak)
rCorr  .         Harm     .     (no gloves)
MR     .....                    (no boots)
Stlth  ..........               (no amulet)
                                (no ring)
                                (no ring)

@: exhausted, slowed, very slow
A: retaliatory headbutt, horns 2
a: Berserk, Burn Spellbooks, Renounce Religion


You were on level 2 of the Dungeon.
You worshipped Trog.
Trog was aware of your devotion.
You were not hungry.

You visited 1 branch of the dungeon, and saw 2 of its levels.

You collected 59 gold pieces.

Inventory:

Hand Weapons
 a - a +0 mace (weapon)
Armour
 b - a +0 animal skin
 j - a cursed +0 ring mail (worn)
Jewellery
 d - an uncursed ring of protection from magic {unknown}
 f - an uncursed ring of protection from cold {unknown}
Scrolls
 g - 2 scrolls of identify {unknown}
 h - a scroll of magic mapping {unknown}
Potions
 e - a potion of brilliance {unknown}
 i - a potion of heal wounds {unknown}
 k - a potion of degeneration {unknown}
Comestibles
 c - a bread ration
 l - a meat ration
 m - 2 fruits


   Skills:
 + Level 4.6 Fighting
 + Level 4.6 Maces & Flails
 + Level 2.8 Armour
 + Level 2.4 Dodging


You had 2 spell levels left.
You didn't know any spells.

Dungeon Overview and Level Annotations

Branches:
Dungeon (2/15)

Altars:


Innate Abilities, Weirdness & Mutations

You reflexively headbutt those who attack you in melee.
You have a pair of horns on your head.


Message History

You are exhausted.
You feel yourself slow down.
The hobgoblin shouts!
The gnoll hits you from afar with a spear.
You hit the gnoll but do no damage. Your headbutt misses the gnoll.
The gnoll hits you with a halberd. The gnoll completely misses you.
The gnoll hits you with a halberd! The gnoll barely misses you.
You sock the gnoll!
The gnoll is severely wounded.
The gnoll hits you from afar with a spear.
The gnoll hits you with a halberd.
* * * LOW HITPOINT WARNING * * *
An adder and a jackal come into view.
You don't know any spells.
You're too exhausted to go berserk.
You are too injured to fight recklessly!
The jackal barks!
The gnoll closely misses you.
The gnoll hits you from afar with a halberd!
You die...

.>............................
..#.##..........##.######....#
# #..........##.# #...<#
#..†.......##.# #.....
#..........##.######....#
#..........##............
#..........###.........##
#..........# #.######..##
#.......@..# #.# #......
#..........# #.# #.#..##
#.######g### #.# #.#..# #. #g#
... ....... #g# .## .......[


gg# . #.##.##.#. Sh# #. #. #. ###. ..# .. #. .... .. #. You could see 3 gnolls,
an adder (wandering), a jackal, a hobgoblin and a goblin.

Vanquished Creatures
  Ijyb (D:2)
  An adder (D:2)
  A dart slug (D:2)
  A leopard gecko (D:2)
  A bat (D:1)
  A giant cockroach (D:2)
  3 goblins
  6 hobgoblins
  6 kobolds
  A frilled lizard (D:1)
  3 rats (D:1)
25 creatures vanquished.

Notes
Turn   | Place    | Note
-------+----------+-------------------------------------------
     0 | D:1      | zausaa the Minotaur Berserker began the quest for the Orb.
     0 | D:1      | Reached XP level 1. HP: 19/19 MP: 0/0
   137 | D:1      | Reached XP level 2. HP: 24/27 MP: 1/1
   793 | D:2      | Noticed Ijyb
   803 | D:2      | Killed Ijyb
   803 | D:2      | Reached XP level 3. HP: 34/34 MP: 2/2
   988 | D:2      | Slain by a gnoll

Skill      XL: |  1  2 |
---------------+-------+-----
Fighting       | 4 |  4.6
Maces & Flails | 4 |  4.6
Armour         | |  2.8
Dodging        | |  2.4

Action                   || total
-------------------------++-------
Melee: Mace              ||    56
       Headbutt          ||     9
Invok: Berserk           ||     2
  Eat: Bread ration      ||     1
Armor: Animal skin       ||     5
       Ring mail         ||     5
Dodge: Dodged            ||    37
